 Dungeon Crawl Stone Soup version 0.32-a0-699-g1ee5eff (webtiles) character file.

Game seed: 8193970248096245825

3917 Toastz the Cleaver (level 10, -3/88 HPs)
             Began as a Minotaur Gladiator on Mar 13, 2024.
             Was a Believer of Okawaru.
             Slain by Joseph
             ... wielding a +6 spectral quarterstaff
              (14 damage)
             ... on level 8 of the Dungeon.
             The game lasted 00:14:26 (6148 turns).

Toastz the Cleaver (Minotaur Gladiator)             Turns: 6148, Time: 00:14:26

Health: -3/88      AC: 25    Str: 23    XL:     10   Next: 1%
Magic:  11/11      EV: 10    Int:  5    God:    Okawaru [**....]
Gold:   440        SH:  0    Dex: 12    Spells: 9/9 levels left

rFire   . . .        a - +3 broad axe
rCold   . . .        (no shield)
rNeg    . . .        E - +0 plate armour
rPois   .            c - +2 hat
rElec   .            (no cloak)
rCorr   .            (no gloves)
SInv    .            L - +2 pair of boots
Will    .....        v - amulet of magic regeneration Stlth
                     u - +4 ring of protection
HPRegen 0.34/turn    (no ring)
MPRegen 0.52/turn

%: no passive effects
@: heroic
A: horns 2, retaliatory headbutt
a: Renounce Religion, Heroism


You were on level 8 of the Dungeon.
You worshipped Okawaru.
Okawaru was pleased with you.
You visited 2 branches of the dungeon, and saw 9 of its levels.
You also visited: Ossuary.

You collected 672 gold pieces.
You spent 232 gold pieces at shops.

Inventory:

Hand Weapons
 a - a +3 broad axe (weapon)
Missiles
 d - 2 throwing nets
 e - 3 javelins
 g - 31 poisoned darts
 y - 2 datura-tipped darts
 B - 7 boomerangs (quivered)
Armour
 c - a +2 hat (worn)
 E - a +0 plate armour (worn)
 L - a +2 pair of boots (worn)
Jewellery
 u - a +4 ring of protection (left hand)
 v - an amulet of magic regeneration (around neck)
 x - an amulet of faith
 C - a ring of fire
Wands
 p - a wand of flame (15)
 z - a wand of paralysis (18)
 D - a wand of warping (6)
 P - a wand of digging (2)
Scrolls
 b - 2 scrolls of blinking {unknown}
 i - 4 scrolls of revelation
 j - 2 scrolls of teleportation {unknown}
 k - 2 scrolls of immolation
 l - 3 scrolls of butterflies
 o - a scroll of noise
 w - a scroll of fear {unknown}
 F - 2 scrolls of vulnerability {unknown}
 K - a scroll of fog {unknown}
 M - 4 scrolls of silence {unknown}
 N - a scroll of amnesia {unknown}
 O - a scroll of enchant armour
Potions
 f - a potion of cancellation {unknown}
 h - a potion of magic {unknown}
 m - a potion of ambrosia {unknown}
 n - a potion of resistance
 q - 2 potions of lignification
 r - 4 potions of curing
 s - 4 potions of degeneration {unknown}
 t - 2 potions of mutation {unknown}
 A - 4 potions of haste {unknown}
 G - a potion of attraction {unknown}
 H - a potion of might {unknown}
 I - 2 potions of heal wounds {unknown}
 J - a potion of enlightenment {unknown}


   Skills:
 + Level 8.1(13.1) Fighting
 * Level 8.3(14.8) Axes
 - Level 8.1(14.7) Polearms
 - Level 2.0(7.0) Throwing
 + Level 7.5(12.5) Armour
 + Level 6.6(11.6) Dodging
 - Level 3.2 Invocations


You had 9 spell levels left.
You didn't know any spells.
Your spell library contained the following spells:

 Spells                   Type           Power      Damage    Failure   Level
 Apportation              Tloc           0%         N/A       99%         1
 Magic Dart               Conj           0%         1d3       99%         1
 Necrotise                Necr           0%         1d4       99%         1
 Sting                    Conj/Alch      0%         1d3       99%         1
 Blink                    Tloc           0%         N/A       100%        2
 Jinxbite                 Hex            0%         N/A       100%        2
 Lesser Beckoning         Tloc           0%         N/A       100%        2
 Momentum Strike          Conj/Tloc      0%         3d8       100%        2
 Gell's Gravitas          Tloc           0%         N/A       100%        3
 Teleport Other           Tloc           0%         N/A       100%        3
 Alistair's Intoxication  Alch           0%         N/A       100%        5
 Dispersal                Tloc           0%         N/A       100%        6
 Summon Small Mammal      Summ           Unusable   N/A       N/A         1
 Call Imp                 Summ           Unusable   N/A       N/A         2

Dungeon Overview and Level Annotations

Branches:
Dungeon (8/15)             Temple (1/1) D:4         Ossuary (visited)
   Lair: D:8-11

Altars:
Ashenzari
Cheibriados
Dithmenos
Elyvilon
Fedhas
Hepliaklqana
Kikubaaqudgha
Makhleb
Okawaru
Qazlal
Ru
Sif Muna
Uskayaw
Vehumet
Wu Jian
Xom
Yredelemnul
Zin
The Shining One

Shops:
D:4 *   D:6 *   D:7 [

Annotations:
D:8 Joseph


Innate Abilities, Weirdness & Mutations

You have a pair of horns on your head.
You reflexively headbutt those who attack you in melee.


Message History

Joseph is moderately wounded.
You barely miss the +6 spectral quarterstaff.
Joseph zaps a wand.
You easily resist.
You completely miss Joseph. You headbutt Joseph.
Joseph is heavily wounded.
You slash the +6 spectral quarterstaff!
Joseph shares his spectral weapon's damage!
The +6 spectral quarterstaff disappears.
Joseph hits you with a +6 spectral quarterstaff!
The +6 spectral quarterstaff hits you.
* * * LOW HITPOINT WARNING * * *
A +6 spectral quarterstaff comes into view.
You barely miss Joseph.
Joseph is severely wounded.
You closely miss the +6 spectral quarterstaff.
Joseph hits you with a +6 spectral quarterstaff.
* * * LOW HITPOINT WARNING * * *
The +6 spectral quarterstaff hits you but does no damage.
You slice Joseph!!
Joseph is almost dead.
You slash the +6 spectral quarterstaff!
Joseph shares his spectral weapon's damage!
Joseph hits you with a +6 spectral quarterstaff!
* * * LOW HITPOINT WARNING * * *
The +6 spectral quarterstaff hits you but does no damage.
You closely miss Joseph. Your headbutt misses Joseph.
Joseph is almost dead.
You hit the +6 spectral quarterstaff but do no damage.
You closely miss Joseph.
Joseph is almost dead.
You slash the +6 spectral quarterstaff!
Joseph shares his spectral weapon's damage!
Joseph closely misses you.
The +6 spectral quarterstaff hits you but does no damage.
You hit Joseph but do no damage.
Joseph is almost dead.
You hit the +6 spectral quarterstaff.
Joseph shares his spectral weapon's damage!
Joseph hits you with a +6 spectral quarterstaff!
You die...

#.. ##... ###.?....
##.........
##...........
##............#
#####..@..........#
......(@.........#
######...........#
#...........#
##.........#
##.......## .
##......# ...
##.....##
....####.....##
..........#.##


You could see Joseph and a +6 spectral quarterstaff.

Vanquished Creatures
  Grinder (D:3)
  Sigmund (D:3)
  The ghost of Truedra the Changeling, an amateur DrSh (D:4)
  2 orc warriors (D:5)
  2 sky beasts (D:6)
  2 ice beasts (D:5)
  3 ogres
  A centaur (D:6)
  3 phantoms
  A weeping skull (Ossuary)
  2 kobold brigands
  2 bullfrogs
  A gnoll sergeant (D:5)
  3 scorpions (D:5)
  6 water moccasin zombies (Ossuary)
  A wyvern skeleton (D:4)
  3 wights (D:6)
  3 killer bees (D:7)
  A bombardier beetle (D:3)
  2 jellies
  4 hounds
  2 orc priests
  3 sleepcaps
  A spectral scorpion (Ossuary)
  A bullfrog skeleton (D:4)
  9 iguanas
  Jessica (D:2)
  Ijyb (D:5)
  2 orc wizards (D:5)
  A bullfrog simulacrum (Ossuary)
  A crocodile zombie (Ossuary)
  2 mummies (Ossuary)
  A howler monkey skeleton (D:4)
  7 gnolls (D:4)
  4 adders
  A shadow imp (D:5)
  A white imp (D:5)
  2 ufetubi (D:6)
  2 adder zombies (Ossuary)
  A ribbon worm (D:2)
  2 dart slugs
  22 orcs
  10 ball pythons
  5 endoplasms
  5 giant cockroaches
  9 gnoll zombies (Ossuary)
  9 goblins
  7 hobgoblins
  8 jackals
  26 kobolds
  4 quokkas
  4 bats
  4 frilled lizards
  5 jackal zombies (Ossuary)
  An orc zombie (Ossuary)
  12 rats
221 creatures vanquished.

Notes
Turn   | Place    | Note
-------+----------+-------------------------------------------
     0 | D:1      | Toastz the Minotaur Gladiator began the quest for the Orb.
     0 | D:1      | Reached XP level 1. HP: 18/18 MP: 0/0
   158 | D:1      | Reached XP level 2. HP: 24/25 MP: 1/1
   205 | D:1      | Reached skill level 1 in Armour
   424 | D:1      | Reached XP level 3. HP: 30/30 MP: 2/2
   650 | D:2      | Found a faded altar of an unknown god.
   655 | D:2      | Prayed at the altar of an unknown god.
   655 | D:2      | Became a worshipper of the Shining One
   655 | D:2      | Reached * piety under the Shining One
   779 | D:2      | Noticed Jessica
   782 | D:2      | Killed Jessica
   783 | D:2      | Reached XP level 4. HP: 31/38 MP: 3/3
  1158 | D:3      | Reached skill level 5 in Polearms
  1158 | D:3      | Reached XP level 5. HP: 40/45 MP: 4/4
  1295 | D:3      | Noticed Sigmund
  1320 | D:3      | Killed Sigmund
  1321 | D:3      | Reached XP level 6. HP: 23/52 MP: 5/5
  1513 | D:3      | Noticed Grinder
  1520 | D:3      | Paralysed by Grinder for 4 turns
  1528 | D:3      | Killed Grinder
  2035 | D:4      | Reached XP level 7. HP: 60/60 MP: 6/6
  2039 | D:4      | Reached skill level 5 in Dodging
  2169 | D:4      | Reached ** piety under the Shining One
  2180 | D:4      | Found a runed translucent gate.
  2181 | D:4      | Found a runed translucent gate.
  2181 | D:4      | Found a runed translucent gate.
  2257 | D:4      | Found Osouch's Assorted Antiques.
  2379 | D:4      | Reached skill level 1 in Invocations
  2510 | D:4      | Found a staircase to the Ecumenical Temple.
  2516 | Temple   | Entered the Ecumenical Temple
  2569 | D:4      | Noticed Truedra's ghost (amateur DrSh)
  2650 | D:4      | Reached skill level 5 in Fighting
  2657 | D:4      | Killed Truedra's ghost
  2697 | D:5      | Entered Level 5 of the Dungeon
  2713 | D:5      | Noticed Ijyb
  2718 | D:5      | Paralysed by Ijyb for 2 turns
  2722 | D:5      | Killed Ijyb
  2723 | D:5      | Reached XP level 8. HP: 64/68 MP: 8/8
  3266 | D:5      | Found a snail-covered altar of Cheibriados.
  3266 | D:5      | Found an ancient bone altar of Kikubaaqudgha.
  3293 | D:5      | Reached skill level 1 in Axes
  3295 | D:5      | Reached skill level 5 in Armour
  3827 | D:5      | Found an iron altar of Okawaru.
  3963 | D:5      | Fell from the grace of the Shining One
  3963 | D:5      | Became a worshipper of Warmaster Okawaru
  4009 | D:5      | Reached XP level 9. HP: 50/77 MP: 10/10
  4204 | D:6      | Reached skill level 5 in Axes
  4452 | D:6      | Reached * piety under Okawaru
  4545 | D:6      | Found an ornate altar of the Wu Jian Council.
  4545 | D:6      | Found a shimmering blue altar of Sif Muna.
  4556 | D:6      | Found a stormy altar of Qazlal.
  4563 | D:6      | Found a blossoming altar of Fedhas.
  4580 | D:6      | Found a shimmering altar of Xom.
  4580 | D:6      | Found a sacrificial altar of Ru.
  4582 | D:6      | Found a hide-covered altar of Uskayaw.
  4586 | D:6      | Found a basalt altar of Yredelemnul.
  4662 | D:6      | Found a hazy altar of Hepliaklqana.
  4831 | D:6      | Found Ytucasi's General Store.
  5363 | D:7      | Found a sand-covered staircase.
  5377 | Ossuary  | Entered an ossuary
  5599 | D:7      | Reached ** piety under Okawaru
  5605 | D:7      | Found a radiant altar of Vehumet.
  5623 | D:7      | Found Janwoypt's Antique Armour Boutique.
  5629 | D:7      | Bought a pair of embroidered boots for 232 gold pieces
  6115 | D:8      | Reached XP level 10. HP: 88/88 MP: 11/11
  6128 | D:8      | Noticed Joseph
  6137 | D:8      | Paralysed by Joseph for 4 turns
  6148 | D:8      | Slain by Joseph

Illustrated notes

Levels and vault maps discovered:
D:1:      lightli_arrival_chessboard, layout_rooms, nicolae_titane
D:2:      layout_basic, hellmonk_ecumenical_altar_blasted, minmay_tetromino_s2,
          uniq_jessica
D:3:      layout_basic, uniq_grinder, uniq_sigmund
D:4:      layout_rooms, minmay_temple_entry_fiery, serial_shops, shop,
          gammafunk_ghost_necromancy, kennysheep_boxes
D:5:      minmay_polygon_palace, layout_basic,
          mainiacjoe_overflow_surrounded_room, nicolae_overflow_two_pavilions,
          uniq_ijyb
D:6:      layout_basic, nicolae_overflow_hallway_of_the_gods,
          nzn_hepliaklqana_mist_gate, serial_shops, shop, hellmonk_no_cap
D:7:      layout_rooms, mainiacjoe_overflow_catwalk,
          nicolae_ossuary_entry_false_entrances, serial_shops,
          nicolae_shop_hallway_plus, grunt_decor_junction
D:8:      layout_cave_pods, grunt_temple_overflow_opulence, enter_bailey_4,
          uniq_joseph
Temple:   hellmonk_temple_rainy

Skill      XL: |  1  2  3  4  5  6  7  8  9 |
---------------+----------------------------+-----
Polearms       | 4 5 6 7 8 |  8.1
Armour         | 1 2 3 4 5 7 |  7.5
Fighting       | 3 4 5 6 8 |  8.1
Dodging        | 4 5 6 |  6.6
Invocations    | 1 3 |  3.2
Axes           | 4 8 |  8.3
Throwing       | |  2.0

Action                     |  1- 3 |  4- 6 |  7- 9 | 10-12 || total
---------------------------+-------+-------+-------+-------++-------
  Melee: Trident           |    89 |    16 |       |       ||   105
         Headbutt          |     5 |    10 |    67 |     4 ||    86
         Spear             |       |    33 |       |       ||    33
         Halberd           |       |    37 |    82 |       ||   119
         Broad axe         |       |       |   267 |    13 ||   280
  Throw: Throwing net      |       |     2 |       |       ||     2
 Invoke: Divine Shield     |       |       |     1 |       ||     1
         Heroism           |       |       |       |     1 ||     1
    Use: Scroll            |       |       |    13 |       ||    13
 Armour: Leather armour    |    46 |    28 |     7 |       ||    81
         Ring mail         |       |       |   105 |       ||   105
         Plate armour      |       |       |   198 |    24 ||   222
  Dodge: Dodged            |    47 |    19 |   188 |     5 ||   259

Table legend: (Time is in decaauts)
 A = Elapsed time spent in this place.
 B = Non-inter-level travel time spent in this place.
 C = Inter-level travel time spent in this place.
 D = Time resting spent in this place.
 E = Time spent auto-exploring this place.
 F = Levels seen in this place.
 G = Mean time per level.
                   A        B        C        D        E       F      G
               +--------+--------+--------+--------+--------+-----+--------+
         Total |   6221 |   5977 |    244 |    960 |   3657 |  10 |  622.1 |
       Dungeon |   5993 |   5758 |    235 |    946 |   3574 |   8 |  749.1 |
        Temple |     23 |     14 |      9 |      0 |      0 |   1 |   23.0 |
       Ossuary |    203 |    203 |      0 |     14 |     83 |   1 |  203.0 |
               +--------+--------+--------+--------+--------+-----+--------+

Top non-repeatable levels by time:
     D:5: 1498 daAuts
     D:6: 964 daAuts
     D:3: 948 daAuts
     D:7: 717 daAuts
     D:2: 653 daAuts
     D:4: 587 daAuts
     D:1: 501 daAuts
 Ossuary: 203 daAuts
     D:8: 123 daAuts
  Temple: 23 daAuts
